 Dungeon Crawl Stone Soup version 0.31-a0-233-g139696dc86 (webtiles) character file.

Game seed: 16868263387990598929

2309 qw the Skirmisher (level 9, -5/57 HPs)
             Began as a Gargoyle Hexslinger on July 8, 2023.
             Was an Initiate of Okawaru.
             Slain by a black bear (7 damage)
             ... on level 8 of the Dungeon.
             The game lasted 00:02:42 (5412 turns).

qw the Skirmisher (Gargoyle Hexslinger)             Turns: 5412, Time: 00:02:43

Health: -5/57      AC: 17    Str: 13    XL:     9   Next: 41%
Magic:  10/10      EV: 12    Int: 13    God:    Okawaru [......]
Gold:   1711       SH:  0    Dex: 16    Spells: 9/10 levels left

rFire   . . .        Y - +3 sling
rCold   + . .        (no shield)
rNeg    + . .        o - +3 leather armour {Will+}
rPois   inf          (no helmet)
rElec   +            g - +0 cloak
rCorr   .            (no gloves)
SInv    .            (no boots)
Will    +....        f - amulet of regeneration
Stlth   +            h - +4 ring of protection
HPRegen 1.09/turn    n - ring of protection from cold
MPRegen 0.12/turn

%: no passive effects
@: weakened
A: sickness immunity, AC +6, negative energy resistance 1, electricity
resistance, torment resistance 1, petrification resistance
a: Renounce Religion


You were on level 8 of the Dungeon.
You worshipped Okawaru.
Okawaru was noncommittal.
You visited 2 branches of the dungeon, and saw 9 of its levels.
You also visited: Ossuary.

You collected 1711 gold pieces.


Innate Abilities, Weirdness & Mutations

You are immune to sickness and miasma.
Your stone body is resilient. (AC +6)
You are immune to poison.
You resist negative energy. (rN+)
You are resistant to electric shocks. (rElec)
You are resistant to unholy torment.
You are immune to petrification.


   Skills:
 - Level 7.0 Fighting
 + Level 10.0 Ranged Weapons
 - Level 1.3 Armour
 - Level 3.2 Dodging
 - Level 1.0 Spellcasting
 - Level 2.6 Hexes


You had 9 spell levels left.
You knew the following spells:

 Your Spells              Type           Power      Damage    Failure   Level
a - Slow                  Hex            28%        N/A       12%         1

Your spell library contained the following spells:

 Spells                   Type           Power      Damage    Failure   Level
 Inner Flame              Hex/Fire       4%         N/A       52%         3
 Portal Projectile        Hex/Tloc       8%         N/A       52%         3
 Cause Fear               Hex            3%         N/A       75%         4

Inventory:

Hand Weapons
 Y - a +3 sling (weapon)
Armour
 g - a +0 cloak (worn)
 o - a +3 leather armour of willpower (worn)
Jewellery
 f - an amulet of regeneration (around neck)
 h - a +4 ring of protection (left hand)
 n - a ring of protection from cold (right hand)
 p - a +6 ring of strength
Scrolls
 m - 2 scrolls of identify
Potions
 a - a potion of cancellation
 b - a potion of resistance {unknown}
 d - a potion of degeneration {unknown}
 e - a potion of ambrosia {unknown}
 j - a potion of magic {unknown}
 k - a potion of enlightenment
 l - a potion of berserk rage {unknown}
 r - a potion of curing {unknown}
 u - a potion of might {unknown}

Dungeon Overview and Level Annotations

Branches:
Dungeon (8/15)             Temple (1/1) D:6         Ossuary (visited)
   Lair: D:8-11

Altars:
Ashenzari
Cheibriados
Dithmenos
Elyvilon
Fedhas
Hepliaklqana
Kikubaaqudgha
Makhleb
Nemelex Xobeh
Okawaru
Qazlal
Ru
Sif Muna
Trog
Uskayaw
Vehumet
Wu Jian
Xom
Yredelemnul
Zin
The Shining One

Shops:
D:5 :

Annotations:
D:7 1 runed translucent door, Crazy Yiuf


Message History

The elephant is moderately wounded.
The elephant tramples you but does no damage.
The elephant trunk-slaps you but does no damage.
The yak gores you but does no damage. The black bear barely misses you.
The black bear claws you but does no damage.
The black bear misses you.
You shoot a sling bullet. The sling bullet hits the elephant.
The elephant is moderately wounded.
The elephant tramples you but does no damage.
The elephant trunk-slaps you but does no damage.
The gnoll bouda gazes fiercely through you!
You feel your attacks grow feeble. The black bear bites you.
The black bear closely misses you.
The black bear claws you but does no damage.
The yak closely misses you.
A gnoll comes into view. It is wielding a +0 whip.
A gnoll comes into view. It is wielding a +0 club.
A gnoll comes into view. It is wielding a +0 spear.
The gnoll shouts!
You shoot a sling bullet. The gnoll shouts! x2
The sling bullet hits the elephant.
The elephant is moderately wounded.
The elephant tramples you.
You hold your ground!
The elephant misses you. The yak gores you but does no damage.
The black bear completely misses you. The black bear barely misses you.
The black bear claws you but does no damage.
You shoot a sling bullet. The sling bullet hits the elephant.
The elephant is moderately wounded.
The elephant tramples you.
You hold your ground!
The elephant trunk-slaps you. The black bear bites you.
The black bear claws you but does no damage. x2
The yak gores you.
You shoot a sling bullet.
The sling bullet hits the elephant but does no damage.
The elephant is moderately wounded.
The elephant tramples you.
You hold your ground!
The elephant trunk-slaps you but does no damage.
The black bear bites you!
You die...

##### +...+
#...# #...#
#####
#...##.....
#.g.....#
#.Y.....#
+@Yg....#
#gh.g...#.P
#...........
#...)g....g.
#....g.....g
#..........?
#...##......
##### ..#...
$.#..


You could see an elephant, a yak, a black bear, a gnoll bouda and 5 gnolls.

Vanquished Creatures
  Grinder (D:4)
  Eustachio (D:5)
  A steam dragon (D:7)
  Menkaure (D:6)
  A water moccasin (D:5)
  An orc warrior (D:7)
  3 ice beasts
  2 black bears
  A sky beast (D:6)
  A phantom (D:6)
  Blork the orc (D:6)
  2 bullfrogs
  2 wights (D:8)
  2 howler monkeys
  3 jellies
  5 hounds
  3 iguanas
  Jessica (D:3)
  An orc wizard (D:7)
  6 adders
  2 shadow imps
  2 white imps
  2 worms (D:2)
  6 orcs
  7 ball pythons
  4 bats
  5 endoplasms
  3 giant cockroaches
  A goblin (D:3)
  7 hobgoblins
  4 jackals
  2 frilled lizards
  4 hobgoblin zombies (Ossuary)
  5 kobolds
  7 kobold zombies (Ossuary)
  9 orc zombies (Ossuary)
  2 rats
111 creatures vanquished.

Vanquished Creatures (others)
  An orc (D:7)
1 creature vanquished.

Grand Total: 112 creatures vanquished

Notes
Turn   | Place    | Note
-------+----------+-------------------------------------------
     0 | D:1      | qw the Gargoyle Hexslinger began the quest for the Orb.
     0 | D:1      | Reached XP level 1. HP: 12/12 MP: 2/2
     0 | D:1      | 0 ||| qw: Version: 0.3-a-46-gb1f654a
     0 | D:1      | 0 ||| qw: Game counter: 3726
     0 | D:1      | 0 ||| qw: Melee chars always use a shield: true
     0 | D:1      | 0 ||| qw: God list: Okawaru
     0 | D:1      | 0 ||| qw: Allow faded altars: false
     0 | D:1      | 0 ||| qw: Do Orc after clearing Dungeon:15 true
     0 | D:1      | 0 ||| qw: Do second Lair branch before Depths: true
     0 | D:1      | 0 ||| qw: Lair rune preference: random
     0 | D:1      | 0 ||| qw: Goals: Normal
     0 | D:1      | 0 ||| PLANNING D:1-11
   107 | D:1      | Reached XP level 2. HP: 16/16 MP: 3/3
   477 | D:1      | 477 ||| UPGRADING to +0 ring mail.
   487 | D:1      | 487 ||| DROPPING +0 robe.
   488 | D:1      | 488 ||| UPGRADING to +4 ring of protection.
   489 | D:1      | 489 ||| READING scroll labelled YFFIOHUCVE.
   489 | D:1      | Identified a scroll of acquirement
   489 | D:1      | 489 ||| ACQUIRING 1195 gold pieces
   489 | D:1      | Acquired 1195 gold pieces
   491 | D:1      | 491 ||| READING scroll labelled LOLUZAVUSE.
   492 | D:1      | 492 ||| DROPPING scroll of poison.
   531 | D:2      | Reached skill level 3 in Ranged Weapons
   535 | D:2      | 535 ||| STAIRDANCE
   692 | D:2      | Reached XP level 3. HP: 21/21 MP: 4/4
   792 | D:2      | Found a radiant altar of Vehumet.
   872 | D:2      | 872 ||| DRINKING 2 golden potions.
   882 | D:3      | Found a basalt altar of Yredelemnul.
  1044 | D:3      | 1044 ||| FLEEEEING.
  1086 | D:3      | Noticed Jessica
  1090 | D:3      | Killed Jessica
  1091 | D:3      | Reached skill level 4 in Ranged Weapons
  1091 | D:3      | Reached XP level 4. HP: 19/26 MP: 5/5
  1145 | D:3      | Found an ornate altar of the Wu Jian Council.
  1218 | D:3      | Reached skill level 1 in Armour
  1329 | D:3      | Found a blossoming altar of Fedhas.
  1622 | D:3      | 1622 ||| UPGRADING to +0 cloak.
  1627 | D:3      | 1627 ||| UPGRADING to amulet of regeneration.
  1632 | D:3      | 1632 ||| UPGRADING to ring of protection from cold.
  1633 | D:3      | 1633 ||| READING scroll labelled ROLIMA UWKE.
  1663 | D:4      | 1663 ||| PLANNING OSSUARY
  1722 | D:4      | Reached XP level 5. HP: 29/30 MP: 6/6
  1776 | D:4      | Reached skill level 5 in Ranged Weapons
  1903 | D:4      | Found a sand-covered staircase.
  1904 | D:4      | 1904 ||| READING scroll labelled UKLOC TIPSU.
  1910 | D:4      | 1910 ||| READING 2 scrolls labelled AXISEYS BAJOU.
  1911 | D:4      | 1911 ||| READING scroll labelled SUERCH WEESHOUN.
  1912 | D:4      | 1912 ||| DROPPING scroll of immolation.
  1917 | Ossuary  | Entered an ossuary
  2072 | D:4      | 2072 ||| PLANNING D:1-11
  2126 | D:4      | Noticed Grinder
  2126 | D:4      | Paralysed by Grinder for 3 turns
  2130 | D:4      | Paralysed by Grinder for 5 turns
  2145 | D:4      | 2145 ||| FLEEEEING.
  2146 | D:4      | 2146 ||| FLEEEEING.
  2147 | D:4      | 2147 ||| FLEEEEING.
  2152 | D:4      | Paralysed by Grinder for 4 turns
  2161 | D:4      | Paralysed by Grinder for 3 turns
  2166 | D:4      | Paralysed by Grinder for 5 turns
  2178 | D:4      | Killed Grinder
  2179 | D:4      | Reached XP level 6. HP: 25/40 MP: 7/7
  2263 | D:4      | Reached XP level 7. HP: 42/44 MP: 8/8
  2265 | D:4      | Found an ancient bone altar of Kikubaaqudgha.
  2355 | D:4      | 2355 ||| DROPPING +6 ring of intelligence.
  2356 | D:4      | 2356 ||| READING scroll labelled COECITOILO.
  2357 | D:4      | 2357 ||| READING scroll labelled JADEMERUVACH.
  2360 | D:4      | 2360 ||| READING scroll labelled TIAPIO HIYPH.
  2375 | D:5      | Entered Level 5 of the Dungeon
  2381 | D:5      | 2381 ||| STAIRDANCE
  2435 | D:5      | Reached skill level 6 in Ranged Weapons
  2439 | D:5      | 2439 ||| READING scroll of enchant weapon.
  2439 | D:5      | 2439 ||| ENCHANTING +2 sling.
  2489 | D:5      | Found Zinudit's Book Shoppe.
  2658 | D:5      | Noticed Eustachio
  2725 | D:5      | Killed Eustachio
  2726 | D:5      | Reached skill level 7 in Ranged Weapons
  3212 | D:5      | Reached XP level 8. HP: 49/49 MP: 9/9
  3413 | D:5      | 3413 ||| UPGRADING to +3 leather armour of willpower.
  3423 | D:5      | 3423 ||| DROPPING +0 ring mail.
  3424 | D:5      | 3424 ||| READING 2 scrolls labelled QOSU ALEXIPHA.
  3425 | D:5      | 3425 ||| DROPPING scroll of vulnerability.
  3447 | D:6      | 3447 ||| STAIRDANCE
  3453 | D:5      | Reached skill level 8 in Ranged Weapons
  3511 | D:6      | Found a staircase to the Ecumenical Temple.
  3512 | D:6      | 3512 ||| PLANNING TEMPLE
  3537 | D:6      | HP: 8/49 [black bear (6)]
  3538 | D:6      | 3538 ||| READING scroll of teleportation.
  3539 | D:6      | 3539 ||| DRINKING 2 potions of heal wounds.
  3550 | D:6      | 3550 ||| Stepping randomly (disturbance).
  3551 | D:6      | 3551 ||| Stepping randomly (disturbance).
  3552 | D:6      | 3552 ||| Stepping randomly (disturbance).
  3573 | D:6      | 3573 ||| DRINKING 2 white potions.
  3574 | D:6      | 3574 ||| DRINKING 2 fuming black potions.
  3575 | D:6      | 3575 ||| DROPPING potion of brilliance.
  3600 | D:6      | Reached skill level 9 in Ranged Weapons
  3605 | Temple   | Entered the Ecumenical Temple
  3606 | Temple   | 3606 ||| PLANNING OKAWARU WORSHIP
  3997 | Temple   | Became a worshipper of Warmaster Okawaru
  3998 | Temple   | 3998 ||| PLANNING D:1-11
  4097 | D:6      | Noticed Menkaure
  4107 | D:6      | Killed Menkaure
  4134 | D:6      | Noticed Blork the orc
  4142 | D:6      | Killed Blork the orc
  4143 | D:6      | Reached skill level 6 in Fighting
  4360 | D:7      | Found a burning altar of Makhleb.
  4411 | D:7      | Reached XP level 9. HP: 32/55 MP: 10/10
  4423 | D:7      | HP: 10/55 [orc warrior/+0 trident (9)]
  4424 | D:7      | 4424 ||| DRINKING potion of heal wounds.
  4551 | D:7      | Reached * piety under Okawaru
  4552 | D:7      | Reached skill level 10 in Ranged Weapons
  4565 | D:7      | 4565 ||| INVOKING Heroism.
  4652 | D:7      | Reached skill level 3 in Dodging
  5236 | D:7      | Found a runed translucent door.
  5237 | D:7      | Noticed Crazy Yiuf
  5240 | D:7      | 5240 ||| DRINKING 2 purple potions.
  5241 | D:7      | 5241 ||| READING 2 scrolls of identify.
  5241 | D:7      | 5241 ||| IDENTIFYING clear potion
  5242 | D:7      | 5242 ||| DROPPING potion of attraction.
  5354 | D:8      | HP: 14/56 [wight/+3 great sword (7)]
  5355 | D:8      | 5355 ||| READING scroll of teleportation.
  5356 | D:8      | 5356 ||| DRINKING potion of heal wounds.
  5389 | D:8      | Noticed an elephant
  5411 | D:8      | HP: 13/57 [elephant (4)]
  5412 | D:8      | HP: 2/57 [elephant (6)]
  5412 | D:8      | Slain by a black bear

Levels and vault maps discovered:
D:1:      minmay_arrival_four_houses, layout_basic
D:2:      layout_rooms, basic_altar
D:3:      layout_basic, pdpol_wu_jian_five_deadly_venoms,
          mainiacjoe_overflow_catwalk_spiral, uniq_jessica
D:4:      layout_cave_pools, mainiacjoe_overflow_alcove_1,
          lightli_ossuary_entry_decrepit_ruins, uniq_grinder
D:5:      layout_layer_cave, serial_shops, nicolae_shop_peninsula,
          dreamdust_princess_corridor, uniq_eustachio
D:6:      layout_rooms, minmay_temple_entry_arrows, uniq_menkaure,
          uniq_blork_the_orc
D:7:      layout_loops_ring, mainiacjoe_overflow_24_doors,
          uniq_crazy_yiuf_cottage
D:8:      layout_gridville, grunt_gozag_breadcrumbs, david_lair_generic,
          special_room [special_room_kobold], uniq_gastronok
Temple:   compressed_dpeg_triangle_lava_temple

Skill      XL: |  1  2  3  4  5  6  7  8  9 |
---------------+----------------------------+-----
Ranged Weapons | 3 4 5 7 9 10 | 10.0
Fighting       | 2 5 6 7 |  7.0
Armour         | 1 |  1.3
Dodging        | 2 3 |  3.2
Spellcasting   | |  1.0
Hexes          | |  2.6

Action                     |  1- 3 |  4- 6 |  7- 9 || total
---------------------------+-------+-------+-------++-------
   Fire: Sling             |    97 |   207 |   406 ||   710
 Invoke: Heroism           |       |       |     1 ||     1
    Use: Scroll            |     2 |     4 |     8 ||    14
         Potion            |     1 |       |     6 ||     7
 Armour: Robe              |     1 |       |       ||     1
         Ring mail         |    48 |    75 |   122 ||   245
         Leather armour    |       |       |   151 ||   151
  Dodge: Dodged            |    49 |    79 |   282 ||   410

Table legend:
 A = Non-vault XP
 B = Vault XP
 C = Vault XP percentage of total XP
 D = Non-vault monster count
 E = Vault monster count
 F = Vault count percentage of total count
                 A         B        C        D         E       F
            +---------+---------+-------+---------+---------+-------
      Total |    2354 |     945 |  28.6 |      85 |      26 |  23.4
            +---------+---------+-------+---------+---------+-------
        D:1 |      14 |       0 |   0.0 |       9 |       0 |   0.0
        D:2 |      22 |       0 |   0.0 |      10 |       0 |   0.0
        D:3 |      76 |      37 |  32.7 |      21 |       1 |   4.5
        D:4 |     308 |     277 |  47.4 |      12 |       1 |   7.7
        D:5 |     491 |     217 |  30.6 |      10 |       1 |   9.1
        D:6 |     599 |     263 |  30.5 |       9 |       2 |  18.2
        D:7 |     694 |       0 |   0.0 |      12 |       0 |   0.0
        D:8 |     150 |     131 |  46.6 |       2 |       1 |  33.3
    Ossuary |       0 |      20 | 100.0 |       0 |      20 | 100.0
            +---------+---------+-------+---------+---------+-------
